 Dungeon Crawl Stone Soup version 0.30-a0-160-gcfceee88d3 (webtiles) character file.

Game seed: 15863442820708866775

141 qw the Chopper (level 5, -1/32 HPs)
             Began as a Gargoyle Fighter on Sept 27, 2022.
             Slain by an orc wizard
             ... wielding a +0 dagger
              (3 damage)
             ... on level 3 of the Dungeon.
             The game lasted 00:00:49 (2726 turns).

qw the Chopper (Gargoyle Fighter)                   Turns: 2726, Time: 00:00:50

Health: -1/32      AC: 12    Str: 22    XL:     5   Next: 24%
Magic:  5/5        EV:  9    Int:  8    God:
Gold:   90         SH:  4    Dex:  9    Spells: 4/4 levels left

rFire   . . .      SeeInvis .    Y - +0 war axe
rCold   . . .      Faith    .    c - +0 buckler
rNeg    + . .      Spirit   .    b - +0 scale mail
rPois   inf        Reflect  .    (no helmet)
rElec   +          Harm     .    (no cloak)
rCorr   .          Rampage  .    k - +0 pair of gloves
Will    .....                    (no boots)
Stlth   ..........               (no amulet)
HPRegen 0.10/turn                (no ring)
MPRegen 0.09/turn                (no ring)

@: no status effects
A: sickness immunity, AC +4, negative energy resistance 1, electricity
resistance, torment resistance 1, petrification resistance
a: no special abilities


You were on level 3 of the Dungeon.
You visited 1 branch of the dungeon, and saw 3 of its levels.

You collected 90 gold pieces.


Innate Abilities, Weirdness & Mutations

You are immune to sickness and miasma.
Your stone body is resilient. (AC +4)
You are immune to poison.
You resist negative energy. (rN+)
You are resistant to electric shocks. (rElec)
You are resistant to unholy torment.
You are immune to petrification.


   Skills:
 - Level 3.2 Fighting
 + Level 4.8 Axes
 - Level 3.2 Armour
 - Level 3.2 Shields


You had 4 spell levels left.
You didn't know any spells.
Your spell library was empty.

Inventory:

Hand Weapons
 j - a +0 flail
 Y - a +0 war axe (weapon)
Armour
 b - a +0 scale mail (worn)
 c - a +0 buckler (worn)
 k - a +0 pair of gloves (worn)
Jewellery
 f - a ring of ice
Scrolls
 a - a scroll of identify
 h - 3 scrolls of fear {unknown}
Potions
 d - a potion of might
 e - a potion of curing
 g - a potion of attraction

Dungeon Overview and Level Annotations

Branches:
Dungeon (3/15)

Altars:
Vehumet

Shops:
D:2 (


Message History

An orc wizard is nearby!
2699 ||| Stepping ~*~*~tactically~*~*~ (stealth).
You start resting.
An orc wizard is nearby!
2702 ||| Stepping ~*~*~tactically~*~*~ (stealth).
2703 ||| Stepping ~*~*~tactically~*~*~ (stealth).
You start resting.
An orc wizard is nearby!
2711 ||| Stepping ~*~*~tactically~*~*~ (stealth).
The orc wizard casts a spell.
The orc wizard flickers and vanishes!
Deactivating autopickup; reactivate with Ctrl-A.
You swing at nothing.
You swing at nothing.
You closely miss something. Something hits you. You block something's attack.
You closely miss something.
You hear some strange, mumbled words.
Something tries to affect you, but you resist.
You closely miss something. Something hits you.
You hit something but do no damage. Something hits you but does no damage.
You closely miss something.
Something hits you but does no damage. x2
You barely miss something. You block something's attack.
You barely miss something. Something hits you but does no damage.
You barely miss something. You block something's attack.
Something hits you but does no damage.
You closely miss something. Something hits you.
You miss something. Something hits you.
You closely miss something.
Something hits you but does no damage. x2
You barely miss something. Something hits you.
You die...

# # ###.#######
##
#.........######
#.
#..#.#%o........#
##
#.....###{####.#
# #....o.#
#@####.## #
#.#....##
#.........## # .
#.#.#
#..##......# #
#..o ...##..##..#
# ###.
###.##..##.:# #
#+## #.##...#..#
# #...#
#.##.#.#..# # ##
#.....
#.##.#)#..# # .##
#......
###.....)...# #


There were no monsters in sight!

Vanquished Creatures
  An orc priest (D:3)
  6 adders
  11 orcs (D:3)
  4 bats
  6 endoplasms
  3 giant cockroaches
  3 goblins
  A hobgoblin (D:1)
  4 ball pythons
  2 frilled lizards
  6 kobolds
  4 rats
51 creatures vanquished.

Vanquished Creatures (others)
  2 withered plants (D:2)
2 creatures vanquished.

Grand Total: 53 creatures vanquished

Notes
Turn   | Place    | Note
-------+----------+-------------------------------------------
     0 | D:1      | qw the Gargoyle Fighter began the quest for the Orb.
     0 | D:1      | Reached XP level 1. HP: 14/14 MP: 1/1
     0 | D:1      | 0 ||| qw: Version: 0.2-a-10-g37ed214
     0 | D:1      | 0 ||| qw: Game counter: 606
     0 | D:1      | 0 ||| qw: Always use a shield: true
     0 | D:1      | 0 ||| qw: God list: Okawaru
     0 | D:1      | 0 ||| qw: Allow faded altars: false
     0 | D:1      | 0 ||| qw: Do Orc after D:15 true
     0 | D:1      | 0 ||| qw: Do second Lair branch before Depths: true
     0 | D:1      | 0 ||| qw: Lair rune preference: random
     0 | D:1      | 0 ||| qw: Plans: Normal, Zot:1-4, God:TSO, Crypt, Tomb,
                  | Pan, Slime:5, Hells, Abyss, Orb
     0 | D:1      | 0 ||| PLANNING D:1-11
   228 | D:1      | Reached skill level 2 in Axes
   480 | D:1      | Reached XP level 2. HP: 19/19 MP: 2/2
   616 | D:1      | 616 ||| DROPPING +0 club.
   795 | D:1      | 795 ||| Stepping ~*~*~tactically~*~*~ (stealth).
   798 | D:1      | 798 ||| Stepping ~*~*~tactically~*~*~ (stealth).
  1109 | D:1      | 1109 ||| UPGRADING to +0 pair of gloves.
  1114 | D:1      | 1114 ||| READING scroll labelled ELUD GOVOUNT.
  1118 | D:1      | 1118 ||| READING scroll labelled OFITAO DIPI.
  1219 | D:1      | 1219 ||| READING scroll labelled OTEAXYCS ASODU.
  1220 | D:1      | 1220 ||| READING scroll labelled ELAPE YTUQUJUF.
  1392 | D:2      | Reached skill level 3 in Axes
  1392 | D:2      | Reached XP level 3. HP: 22/23 MP: 3/3
  1656 | D:2      | 1656 ||| Stepping ~*~*~tactically~*~*~ (stealth).
  1657 | D:2      | 1657 ||| Stepping ~*~*~tactically~*~*~ (stealth).
  2083 | D:2      | Found Banwaaduep's Antique Weapon Emporium.
  2115 | D:2      | 2115 ||| Stepping ~*~*~tactically~*~*~ (stealth).
  2127 | D:2      | Reached XP level 4. HP: 28/28 MP: 4/4
  2132 | D:2      | Found a faded altar of an unknown god.
  2265 | D:2      | 2265 ||| DROPPING +6 ring of intelligence.
  2266 | D:2      | 2266 ||| READING 4 scrolls labelled BOFFUSM ZULEJ.
  2267 | D:2      | 2267 ||| READING 2 scrolls labelled BEV SUBLIACABAVYG.
  2268 | D:2      | 2268 ||| READING scroll labelled YTOKAIRGHIOL.
  2269 | D:2      | 2269 ||| READING scroll labelled OWOYKIR NEAMIY.
  2270 | D:2      | 2270 ||| READING 3 scrolls of identify.
  2270 | D:2      | 2270 ||| IDENTIFYING smoky amethyst potion
  2271 | D:2      | 2271 ||| READING 2 scrolls of identify.
  2271 | D:2      | 2271 ||| IDENTIFYING lumpy black potion
  2272 | D:2      | 2272 ||| DROPPING scroll of immolation.
  2386 | D:3      | Reached skill level 4 in Axes
  2387 | D:3      | Found a radiant altar of Vehumet.
  2416 | D:3      | 2416 ||| Stepping ~*~*~tactically~*~*~ (stealth).
  2510 | D:3      | 2510 ||| Stepping ~*~*~tactically~*~*~ (hiding).
  2653 | D:3      | 2653 ||| DROPPING +0 mace.
  2666 | D:3      | HP: 7/28 [orc priest/+0 hand axe (2)]
  2667 | D:3      | 2667 ||| READING scroll of teleportation.
  2669 | D:3      | Reached XP level 5. HP: 5/32 MP: 5/5
  2695 | D:3      | 2695 ||| Stepping ~*~*~tactically~*~*~ (stealth).
  2696 | D:3      | 2696 ||| Stepping ~*~*~tactically~*~*~ (stealth).
  2699 | D:3      | 2699 ||| Stepping ~*~*~tactically~*~*~ (stealth).
  2702 | D:3      | 2702 ||| Stepping ~*~*~tactically~*~*~ (stealth).
  2703 | D:3      | 2703 ||| Stepping ~*~*~tactically~*~*~ (stealth).
  2711 | D:3      | 2711 ||| Stepping ~*~*~tactically~*~*~ (stealth).
  2715 | D:3      | HP: 8/32 [something (2)]
  2723 | D:3      | HP: 6/32 [something (3)]
  2724 | D:3      | HP: 2/32 [something (4)]
  2726 | D:3      | Slain by an orc wizard

Levels and vault maps discovered:
D:1:      dpeg_arrival_radiant, layout_basic, corexii_leaking_fountain,
          minmay_misc_feat_four_crosses, dk_noncrumbling_3
D:2:      layout_loops_corners, ebering_ecumenical_altar_petrified,
          serial_shops, shop
D:3:      layout_loops_corners, mainiacjoe_overflow_paths, serial_shops,
          nicolae_shop_statue_plus

Skill      XL: |  1  2  3  4 |
---------------+-------------+-----
Axes           | 2 3 4 |  4.8
Fighting       | |  3.2
Armour         | |  3.2
Shields        | |  3.2

Action                   |  1- 3 |  4- 6 || total
-------------------------+-------+-------++-------
Melee: War axe           |   104 |    69 ||   173
  Use: Scroll            |     4 |     7 ||    11
Armor: Scale mail        |    67 |    45 ||   112
Dodge: Dodged            |    47 |    32 ||    79
Block: Buckler           |    19 |     9 ||    28

Table legend:
 A = Non-vault XP
 B = Vault XP
 C = Vault XP percentage of total XP
 D = Non-vault monster count
 E = Vault monster count
 F = Vault count percentage of total count
                 A         B        C        D         E       F
            +---------+---------+-------+---------+---------+-------
      Total |     202 |       0 |   0.0 |      51 |       0 |   0.0
            +---------+---------+-------+---------+---------+-------
        D:1 |      22 |       0 |   0.0 |      16 |       0 |   0.0
        D:2 |      71 |       0 |   0.0 |      16 |       0 |   0.0
        D:3 |     109 |       0 |   0.0 |      19 |       0 |   0.0
            +---------+---------+-------+---------+---------+-------
